 Dungeon Crawl Stone Soup version 0.19.1-1-g22dce08 (webtiles) character file.

146 Peloso the Slasher (level 5, 0/45 HPs)
             Began as a Ghoul Gladiator on Dec 31, 2016.
             Slain by an ogre
             ... wielding a +0 giant club
              (28 damage)
             ... on level 4 of the Dungeon.
             The game lasted 00:08:05 (2390 turns).

Peloso the Slasher (Ghoul Gladiator)                Turns: 2390, Time: 00:08:06

Health: 0/45       AC:  5    Str: 19    XL:     5   Next: 28%
Magic:  4/4        EV: 12    Int:  3    God:
Gold:   183        SH:  5    Dex: 10    Spells: 0 memorised, 4 levels left

rFire  . . .     SeeInvis .     a - +0 long sword
rCold  + . .     Gourm    .     b - +0 leather armour
rNeg   + + +     Faith    .     k - +2 buckler
rPois  ∞         Spirit   .     c - +0 helmet
rElec  .         Reflect  .     (no cloak)
rCorr  +         Harm     .     m - +0 pair of gloves
MR     .....                    (no boots)
Stlth  +.........               t - amulet of rage
                                (no ring)
                                x - ring of resist corrosion

@: rotting
A: rotting body, claws 1, carnivore 3, cold resistance 1, negative energy
resistance 3, slow regeneration 1, torment resistance, unbreathing
a: no special abilities


You were on level 4 of the Dungeon.
You were not hungry.

You visited 1 branch of the dungeon, and saw 4 of its levels.

You collected 183 gold pieces.

Inventory:

Hand Weapons
 a - a +0 long sword (weapon)
Missiles
 d - 3 throwing nets (quivered)
Armour
 b - a +0 leather armour (worn)
 c - a +0 helmet (worn)
 k - a +2 buckler (worn)
 m - a +0 pair of gloves (worn)
Jewellery
 t - an amulet of rage (around neck)
 x - a ring of resist corrosion (left hand)
Scrolls
 h - a scroll of identify
 j - a scroll of remove curse
 l - 4 scrolls of teleportation {unknown}
 n - 2 scrolls of immolation {unknown}
 r - a scroll of recharging {unknown}
 u - 2 scrolls of enchant armour {unknown}
 w - a scroll of amnesia {unknown}
 y - a scroll of magic mapping {unknown}
Potions
 e - 2 potions of heal wounds
 p - a potion of flight
 s - a potion of cancellation
 v - 2 potions of curing
Comestibles
 f - a meat ration
 g - a beef jerky
 A - a royal jelly


   Skills:
 + Level 3.0 Fighting
 + Level 3.9 Long Blades
 + Level 2.0 Throwing
 + Level 0.6 Armour
 + Level 3.3 Dodging
 + Level 1.1 Shields


You had 4 spell levels left.
You didn't know any spells.

Dungeon Overview and Level Annotations

Branches:
Dungeon (4/15)
 Temple: D:4-7

Altars:
Gozag
Hepliaklqana
Nemelex Xobeh
Qazlal
Xom
The Shining One


Innate Abilities, Weirdness & Mutations

Your body is rotting away.
You thrive on raw meat.
You are immune to poison.
You have sharp fingernails.
You are carnivorous and can eat meat at any time.
Your flesh is cold resistant. (rC+)
You are immune to negative energy. (rN+++)
You regenerate slowly when monsters are visible.
You are immune to unholy pain and torment.
You can survive without breathing.


Message History

The ogre misses you.
You closely miss the ogre.
The ogre is lightly wounded.
The ogre hits you with a giant club.
You hit the ogre.
The ogre is moderately wounded.
The ogre closely misses you.
You riposte.
You barely miss the ogre.
The ogre is moderately wounded.
You slash the ogre!
The ogre is severely wounded.
The ogre hits you with a giant club!
You hit the ogre but do no damage.
The ogre is severely wounded.
The ogre closely misses you.
You riposte.
You hit the ogre.
The ogre is severely wounded.
You hit the ogre but do no damage.
The ogre is severely wounded.
The ogre hits you with a giant club!!
Ouch! That really hurt!
You die...

#.# ####....### ...
####...........
#####.####....###.#.#.##
...........#### .#.....
####...#### .....#..
###..########.....##. .
##...##.....#. .# .
#####....######... .
..........O@........########
#######.......#......?<.....
........###### #.!........
######...o.# #..........
#.###O## #..###....# #.#
#..#####...#####.# ..#
##O....#.#.# #.. ###
#####.....# #..
#..........#####..


You could see an ogre.

Vanquished Creatures
  A worker ant (D:4)
  4 adders
  An ooze (D:2)
  3 worms
  3 dart slugs
  2 orcs (D:3)
  2 giant cockroaches
  8 goblins
  9 hobgoblins
  7 jackals
  A quokka (D:3)
  5 bats
  6 frilled lizards
  4 kobolds
  7 rats
63 creatures vanquished.

Notes
Turn   | Place    | Note
-------+----------+-------------------------------------------
     0 | D:1      | Peloso the Ghoul Gladiator began the quest for the Orb.
     0 | D:1      | Reached XP level 1. HP: 17/17 MP: 0/0
   157 | D:1      | Reached XP level 2. HP: 18/24 MP: 1/1
   539 | D:1      | Reached XP level 3. HP: 21/30 MP: 2/2
  1001 | D:2      | Found a stormy altar of Qazlal.
  1051 | D:2      | Reached XP level 4. HP: 23/37 MP: 3/3
  1078 | D:2      | Found a shimmering altar of Xom.
  1252 | D:2      | Found a glowing golden altar of the Shining One.
  1379 | D:3      | Found a hazy altar of Hepliaklqana.
  1594 | D:3      | Reached skill level 1 in Shields
  1828 | D:3      | Found a sparkling altar of Nemelex Xobeh.
  1829 | D:3      | Found an opulent altar of Gozag.
  2038 | D:3      | Reached XP level 5. HP: 41/44 MP: 4/4
  2223 | D:4      | Noticed an ogre
  2390 | D:4      | Slain by an ogre

Skill      XL: |  1  2  3  4  5 |
---------------+----------------+-----
Throwing       | 2 |  2.0
Dodging        | 3 |  3.3
Long Blades    | 3 |  3.9
Shields        | 1 |  1.1
Fighting       | 3 |  3.0
Armour         | |  0.6

Action                   |  1- 3 |  4- 6 || total
-------------------------+-------+-------++-------
Melee: Long sword        |   133 |    97 ||   230
  Use: Scroll            |       |     6 ||     6
 Stab: Sleeping          |       |     1 ||     1
  Eat: Chunk             |     4 |     4 ||     8
Armor: Leather armour    |    42 |    31 ||    73
Dodge: Dodged            |    83 |    57 ||   140
Block: Buckler           |    20 |    29 ||    49
       Rpst.: Long sword |    30 |    21 ||    51
